 Dungeon Crawl Stone Soup version 0.17-a0-1399-gd5b76e1 (webtiles) character file.

1650 bal the Ducker (level 9, -4/47 HPs)
             Began as a Vine Stalker Monk on June 18, 2015.
             Was a Priest of Qazlal.
             Killed by divine providence
             ... invoked by an orc priest
              (11 damage)
             ... on level 6 of the Dungeon.
             The game lasted 00:22:07 (5060 turns).

bal the Ducker (Vine Stalker Monk)                  Turns: 5060, Time: 00:22:08

Health: -4/47      AC:  3    Str: 15    XL:     9   Next: 0%
Magic:  0/10       EV: 24    Int: 10    God:    Qazlal [***...]
Gold:   277        SH:  3    Dex: 24    Spells: 0 memorised, 8 levels left

rFire  . . .     SeeInvis .     o - +3 dagger (venom)
rCold  . . .     Clarity  .     a - +1 robe
rNeg   . . .     SustAt   .     (no shield)
rPois  .         Gourm    .     (no helmet)
rElec  .         Spirit   +     (no cloak)
rCorr  .         Warding  .     (no gloves)
rMut   .         Stasis   .     (no boots)
MR     +....                    (no amulet)
Stlth  ++++......               (no ring)
                                (no ring)

@: agile, somewhat resistant to hostile enchantments, stealthy
A: fangs 3, regeneration 2, magic shield, antimagic bite, no device heal 3, rot
immunity
a: Upheaval, Elemental Force, Renounce Religion


You were on level 6 of the Dungeon.
You worshipped Qazlal.
Qazlal was most pleased with you.
You were not hungry.

You visited 1 branch of the dungeon, and saw 6 of its levels.
You also visited: Sewer.

You collected 277 gold pieces.

Inventory:

Hand weapons
 o - a +3 dagger of venom (weapon)
 p - a +2 hand axe of freezing
Missiles
 j - 36 sling bullets
Armour
 a - a +1 robe (worn)
Jewellery
 h - an uncursed ring of flight
Magical devices
 b - a wand of digging (11)
Scrolls
 d - 9 scrolls of identify
 e - 3 scrolls of magic mapping
 k - 2 scrolls of remove curse
 n - a scroll of enchant armour
Potions
 c - 5 potions of heal wounds
 g - 2 potions of brilliance
 i - 2 potions of curing
 l - 3 potions of flight
Comestibles
 f - a bread ration


   Skills:
 + Level 5.0 Fighting
 + Level 3.6 Short Blades
 + Level 6.6 Dodging
 + Level 6.5 Stealth
 + Level 4.5 Unarmed Combat
 + Level 0.4 Invocations


You had 8 spell levels left.
You didn't know any spells.

Dungeon Overview and Level Annotations

Branches:
Dungeon (6/15)
 Temple: D:4-7

Altars:
Cheibriados
Dithmenos
Fedhas
Kikubaaqudgha
Nemelex Xobeh
Qazlal
Ru
Vehumet
Xom

Shops:
D:4 =


Innate Abilities, Weirdness & Mutations

You have razor-sharp teeth.
You heal very quickly.
When hurt, damage is shared between your health and your magic reserves.
Your bite disrupts and absorbs the magic of your enemies.
Potions and wands cannot restore your health.
You are immune to rotting.


Message History

Qazlal accepts your kill.
You have reached level 9!
Your experience leads to an increase in your attributes!
Your base attributes are Str 15, Int 10, Dex 18.
Increase (S)trength, (I)ntelligence, or (D)exterity?
You feel agile.
Drink which item? (? for menu, Esc to quit)
Okay, then.
Drink which item? (? for menu, Esc to quit)
You feel better. The killer bee misses you.
The killer bee stings you but does no damage.
The killer bee closely misses you.
The orc priest calls down the wrath of Beogh upon you.
Something smites you!
* * * LOW HITPOINT WARNING * * *
The killer bee misses you. The killer bee barely misses you.
The orc priest mumbles some strange prayers to Beogh against you.
Something smites you!
You die...

#...### ..#
## ##..## ...
#.# ##..##
... #.##..##
.. #....## .
##.ยง## #.##
# #.#### .#
##@yy##### .#
###..oo.##..#
####oo....#
###...##
###.# ..# ..o
.... ....


You could see an orc warrior, 2 killer bees, 2 orc priests and an orc.

Vanquished Creatures
  Sigmund (D:3)
  Menkaure (D:5)
  An ogre (D:4)
  2 big kobolds (Sewer)
  A scorpion (D:4)
  4 killer bees (D:6)
  A crimson imp (D:5)
  3 jellies (D:5)
  A giant frog skeleton (D:4)
  2 iguanas (D:5)
  Natasha (twice) (D:4)
  5 worker ants
  3 orc wizards
  A hound zombie (D:5)
  A worker ant zombie (D:5)
  7 river rats (Sewer)
  6 gnolls (D:3)
  3 shadow imps (D:5)
  14 adders
  4 oozes
  2 worms
  5 giant geckos
  10 orcs
  9 bats
  A bat skeleton (D:5)
  A bat zombie (D:5)
  7 giant cockroaches
  15 goblins
  12 hobgoblins
  12 jackals
  19 kobolds
  A quokka (D:3)
  4 ball pythons (Sewer)
  5 giant newts
  A quokka skeleton (D:4)
  27 rats
194 creatures vanquished.

Notes
Turn   | Place    | Note
--------------------------------------------------------------
     0 | D:1      | bal the Vine Stalker Monk began the quest for the Orb.
     0 | D:1      | Reached XP level 1. HP: 11/11 MP: 2/2
   118 | D:1      | Reached XP level 2. HP: 14/16 MP: 3/3
   628 | D:1      | Reached XP level 3. HP: 19/19 MP: 4/4
   970 | D:2      | Reached XP level 4. HP: 24/24 MP: 5/5
  1200 | D:2      | Found a sparkling altar of Nemelex Xobeh.
  1200 | D:2      | Found an ancient bone altar of Kikubaaqudgha.
  1415 | D:3      | Found a glowing drain.
  1498 | Sewer    | Entered a sewer
  1530 | Sewer    | Reached skill level 1 in Short Blades
  1706 | Sewer    | Reached XP level 5. HP: 28/28 MP: 6/6
  1822 | Sewer    | Noticed a big kobold
  1840 | Sewer    | Killed a big kobold
  2009 | Sewer    | Gained mutation: You heal very quickly. [Vine Stalker growth]
  2009 | Sewer    | Reached XP level 6. HP: 25/32 MP: 4/7
  2138 | Sewer    | Reached skill level 5 in Stealth
  2225 | Sewer    | Noticed a big kobold
  2246 | Sewer    | Killed a big kobold
  2597 | D:3      | Noticed Sigmund
  2617 | D:3      | Killed Sigmund
  2617 | D:3      | Reached XP level 7. HP: 33/37 MP: 8/8
  2836 | D:3      | Reached skill level 6 in Stealth
  3068 | D:4      | Noticed Natasha
  3081 | D:4      | Killed Natasha
  3101 | D:4      | Found a radiant altar of Vehumet.
  3103 | D:4      | Found a snail-covered altar of Cheibriados.
  3104 | D:4      | Found a shimmering altar of Xom.
  3105 | D:4      | Found a blossoming altar of Fedhas.
  3105 | D:4      | Found a shadowy altar of Dithmenos.
  3132 | D:4      | Found Kitim's Jewellery Shoppe.
  3231 | D:4      | Reached skill level 5 in Dodging
  3231 | D:4      | Gained mutation: You have razor-sharp teeth. [Vine Stalker growth]
  3231 | D:4      | Reached XP level 8. HP: 13/42 MP: 9/9
  3296 | D:4      | Found a stormy altar of Qazlal.
  3299 | D:4      | Noticed a water elemental
  3299 | D:4      | Noticed a fire elemental
  3299 | D:4      | Noticed an air elemental
  3373 | D:4      | Became a worshipper of Qazlal Stormbringer
  3373 | D:4      | Acquired Qazlal's first power
  3373 | D:4      | Acquired Qazlal's second power
  3593 | D:4      | Noticed Natasha
  3596 | D:4      | Killed Natasha
  3814 | D:5      | Entered Level 5 of the Dungeon
  3955 | D:5      | Noticed Menkaure
  3971 | D:5      | Killed Menkaure
  4437 | D:5      | Acquired Qazlal's third power
  4616 | D:5      | Found a sacrificial altar of Ru.
  5051 | D:6      | Reached skill level 5 in Fighting
  5056 | D:6      | Reached XP level 9. HP: 10/47 MP: 5/10
  5060 | D:6      | Killed from afar by an orc priest

Vault maps used:
D:1:      dpeg_arrival_erosion, kennysheep_pointless_box
D:2:      gammafunk_temple_overflow_wave, first_bread
D:3:      gup_sewer_entry_glass, minmay_misc_feat_columns, uniq_sigmund
D:4:      grunt_temple_overflow_open, serial_shops, nicolae_shop_trees,
          nicolae_qazlal_style_of_elements, uniq_natasha
D:5:      wad_river_or_something, lemuel_crystal_altar, uniq_menkaure
D:6:      lemuel_coloured_pillars_altar, minmay_temple_entry_trees,
          serial_shops, nicolae_shop_overgrown_old_shop
Sewer:    sewer_minmay_treatment

Action                   |  1- 3 |  4- 6 |  7- 9 || total
-------------------------+-------+-------+-------++-------
Melee: Unarmed           |    18 |       |       ||    18
       Dagger            |    77 |   133 |   273 ||   483
Invok: Elemental Force   |       |       |     1 ||     1
  Use: Scroll            |       |     8 |     2 ||    10
       Potion            |       |     7 |     6 ||    13
 Stab: Sleeping          |     5 |    10 |     1 ||    16
  Eat: Bread ration      |       |     1 |     2 ||     3
       Chunk             |       |     1 |     1 ||     2
